[Event "Titled Tuesday Blitz July 18 Early 2023"]
[White "Klimkowski, Jan"]
[Black "Moskvin, Anatoly"]
[WhiteFideId "21856222"]
[BlackFideId "24199990"]
[WhiteElo "2770"]
[BlackElo "2556"]
[Result "1-0"]
[Round "2"]
[TimeControl "180+2"]
[Date "2023.07.18"]
[WhiteClock "0:00:12"]
[BlackClock "0:00:00"]
[Board "56"]

1. d4 Nf6 2. Bd2 c6 3. g3 Qb6 4. c4 Qxd4 5. Qc1 Qb6 6. Bg2 d6 7. Nf3 e5 8. O-O Nbd7 9. b4 Be7 10. Nc3 O-O 11. Rb1 Qd8 12. Rd1 a5 13. b5 Nc5 14. Be3 Qc7 15. Qc2 Nfd7 16. Ng5 Bxg5 17. Bxg5 f6 18. Bc1 f5 19. Ba3 Rb8 20. bxc6 bxc6 21. Rxb8 Nxb8 22. Qd2 Rf6 23. Bxc5 dxc5 24. Qd8+ Qxd8 25. Rxd8+ Rf8 26. Rd6 Kf7 27. Na4 Ke7 28. Rd2 Be6 29. Rc2 Rd8 30. Nxc5 Rd1+ 31. Bf1 Bc8 32. f3 Na6 33. Nxa6 Bxa6 34. Kf2 c5 35. h4 Rd4 36. e3 Rd1 37. Be2 Rb1 38. Rd2 Bb7 39. f4 exf4 40. exf4 h6 41. Bd3 Rc1 42. Re2+ Kd6 43. Bxf5 Rxc4 44. Re6+ Kc7 45. Re7+ Kb6 46. Rxg7 Ra4 47. Be6 c4 48. Ke3 Ba6 49. Rg6 Kc5 50. Rxh6 Ra3+ 51. Ke4 c3 52. Rh7 Bb5 53. Rc7+ Kd6 54. Rc8 Kxe6 55. Kd4 Rxa2 56. Rxc3 Ra4+ 57. Kc5 Be2 58. Re3+ Kf5 59. Re5+ Kg4 60. Rg5+ Kf3 61. f5 Ra3 62. f6 Rc3+ 63. Kd6 Rd3+ 64. Ke7 Re3+ 65. Kf8 a4 66. f7 Bc4 67. Kg7 Bxf7 68. Kxf7 a3 69. h5 a2 70. Ra5 Kxg3 71. Rxa2 Kg4 72. h6 Kg5 73. h7 Rh3 74. Kg7 1-0


[Site "https://www.chess.com"]

[Event "Titled Tuesday Blitz July 18 Early 2023"]
[White "Portela Peleteiro, Alberto"]
[Black "Mahdavi, Reza"]
[WhiteFideId "22276106"]
[BlackFideId "12595926"]
[WhiteElo "2556"]
[BlackElo "2768"]
[Result "0-1"]
[Round "2"]
[TimeControl "180+2"]
[Date "2023.07.18"]
[WhiteClock "0:00:08"]
[BlackClock "0:00:17"]
[Board "57"]

1. e4 c5 2. Ne2 d6 3. g3 Nf6 4. Bg2 Nc6 5. O-O g6 6. d4 cxd4 7. Nxd4 Nxd4 8. Qxd4 Bg7 9. Bg5 O-O 10. Qd2 Be6 11. Nc3 Qc8 12. Rfe1 Re8 13. Nd5 Bxd5 14. exd5 Qc7 15. c3 Rac8 16. a4 Ng4 17. Bh3 Ne5 18. Rxe5 Bxe5 19. Bxc8 Rxc8 20. Re1 Qc4 21. Bxe7 Qxa4 22. f4 Bg7 23. Bxd6 h5 24. Be5 Bf8 25. d6 Rd8 26. Qd5 Qa6 27. Rd1 Qb6+ 28. Kh1 Qxb2 29. c4 Qb3 30. c5 Qa4 31. Bc3 b6 32. Bf6 Rd7 33. Ra1 Qc2 34. Bd4 bxc5 35. Bxc5 Qe2 36. Rd1 a5 37. Qd3 Qe6 38. Qd5 Qg4 39. Re1 h4 40. Kg2 h3+ 41. Kf2 Kh7 42. Re8 Bg7 43. Bd4 Qd1 44. Re4 Qd2+ 45. Kf3 Qd3+ 46. Kf2 f5 47. Re5 Qd2+ 48. Kf3 a4 49. Qe6 Rb7 50. Re2 Qxd4 51. g4 Rb3+ 52. Re3 Rxe3+ 53. Qxe3 fxg4+ 54. Kf2 Qxe3+ 55. Kxe3 Bf8 56. d7 Be7 57. Ke4 a3 58. Ke5 a2 59. Ke6 Bd8 0-1


[Site "https://www.chess.com"]

[Event "Titled Tuesday Blitz July 18 Early 2023"]
[White "Maximov, Dmitry"]
[Black "Garv Gaur"]
[WhiteFideId "14105659"]
[BlackFideId "45030839"]
[WhiteElo "2767"]
[BlackElo "2555"]
[Result "1-0"]
[Round "2"]
[TimeControl "180+2"]
[Date "2023.07.18"]
[WhiteClock "0:00:36"]
[BlackClock "0:00:01"]
[Board "58"]

1. e4 g6 2. d4 c6 3. Nc3 d5 4. h3 dxe4 5. Nxe4 Bg7 6. c3 Nf6 7. Bd3 O-O 8. Nf3 Nbd7 9. O-O Nxe4 10. Bxe4 Nf6 11. Bc2 Bf5 12. Re1 Bxc2 13. Qxc2 Qd6 14. Bg5 Rfe8 15. Re2 Nd5 16. Rae1 h6 17. Bc1 c5 18. dxc5 Qxc5 19. Ne5 e6 20. a3 Rac8 21. Qe4 Qc7 22. Qh4 g5 23. Qg3 f6 24. Nf3 Qxg3 25. fxg3 Kf7 26. Nd4 Nc7 27. g4 f5 28. Be3 Kg6 29. Bf2 fxg4 30. hxg4 Kf7 31. a4 Rcd8 32. Nf3 b6 33. a5 Nd5 34. axb6 axb6 35. Bg3 Nf4 36. Bxf4 gxf4 37. Re4 e5 38. Nxe5+ Bxe5 39. Rxe5 Rxe5 40. Rxe5 Rd1+ 41. Kh2 Rd2 42. Rf5+ Kg6 43. Rxf4 Rxb2 44. Kg3 Rb3 45. Rc4 b5 46. Rc6+ Kg5 47. Rc5+ Kg6 48. Kh4 Rb2 49. Rc6+ Kg7 50. Kg3 Rb3 51. Kf4 b4 52. c4 Rc3 53. Kf5 b3 54. Rc7+ Kg8 55. Kg6 Kf8 56. Kxh6 b2 57. Rb7 Rxc4 58. g5 Rg4 59. Rxb2 Rh4+ 60. Kg6 Rg4 61. Kf5 Rc4 62. g3 Rc5+ 63. Kg6 Rc6+ 64. Kh7 Rc7+ 65. Kh6 Rc1 66. Rb8+ Ke7 67. Kg7 Rg1 68. Rb3 Rg2 69. Re3+ Kd6 70. g6 Rh2 71. Kf7 Rf2+ 72. Kg8 1-0


[Site "https://www.chess.com"]

[Event "Titled Tuesday Blitz July 18 Early 2023"]
[White "Guliev, Logman"]
[Black "Dzhumagaliev, Yan"]
[WhiteFideId "13400061"]
[BlackFideId "24100110"]
[WhiteElo "2554"]
[BlackElo "2767"]
[Result "0-1"]
[Round "2"]
[TimeControl "180+2"]
[Date "2023.07.18"]
[WhiteClock "0:00:00"]
[BlackClock "0:00:16"]
[Board "59"]

1. e4 h5 2. d4 h4 3. h3 c6 4. c4 d6 5. Nf3 Nd7 6. Nc3 e5 7. Be2 Be7 8. O-O Qc7 9. Be3 Nf8 10. Rc1 Ng6 11. b4 Nf6 12. c5 dxc5 13. bxc5 exd4 14. Nxd4 O-O 15. Nf5 Nxe4 16. Nh6+ gxh6 17. Nxe4 Rd8 18. Qc2 Kh7 19. Bc4 f5 20. Nd6 Bxd6 21. cxd6 Rxd6 22. Bc5 Rd8 23. Rfd1 b6 24. Rxd8 Qxd8 25. Rd1 Qg5 26. Be3 f4 27. Bc1 Bxh3 28. Qe4 Re8 29. Qxc6 Re7 30. Rd8 Bxg2 0-1


[Site "https://www.chess.com"]

[Event "Titled Tuesday Blitz July 18 Early 2023"]
[White "Nazari, Arad"]
[Black "Arencibia Monduy, Antonio"]
[WhiteFideId "12577324"]
[BlackFideId "3507939"]
[WhiteElo "2765"]
[BlackElo "2554"]
[Result "1-0"]
[Round "2"]
[TimeControl "180+2"]
[Date "2023.07.18"]
[WhiteClock "0:00:09"]
[BlackClock "0:00:00"]
[Board "60"]

1. e4 e6 2. d4 d5 3. e5 c5 4. c3 Nc6 5. Nf3 cxd4 6. cxd4 Nge7 7. Na3 Nf5 8. Nc2 Be7 9. Bd3 O-O 10. O-O Bd7 11. a3 Rc8 12. b4 a6 13. Rb1 Na7 14. g4 Nh4 15. Nxh4 Bxh4 16. f4 Be7 17. f5 Bg5 18. f6 gxf6 19. Bxg5 fxg5 20. Rf6 Bb5 21. Rb3 Bxd3 22. Qxd3 Qc7 23. Ne1 Qc1 24. Kf2 Nb5 25. Rh6 f5 26. exf6 Rf7 27. Nf3 Rc2+ 28. Kg3 Qf4+ 29. Kh3 Rc4 30. Qe3 Nxd4 31. Qxf4 gxf4 32. Nxd4 Rxd4 33. g5 e5 34. Kg4 f3+ 35. Kxf3 Rf4+ 36. Kg3 Rf5 37. h4 e4 38. Rc3 Rf3+ 39. Rxf3 exf3 40. Kxf3 Rd7 41. Ke3 d4+ 42. Kd3 b5 43. h5 Rd6 44. f7+ Kxf7 45. Rxd6 1-0


[Site "https://www.chess.com"]

[Event "Titled Tuesday Blitz July 18 Early 2023"]
[White "Tikhonov, Viacheslav"]
[Black "Weetik, Vjacheslav"]
[WhiteFideId "44196407"]
[BlackFideId "4153472"]
[WhiteElo "2546"]
[BlackElo "2761"]
[Result "0-1"]
[Round "2"]
[TimeControl "180+2"]
[Date "2023.07.18"]
[WhiteClock "0:00:13"]
[BlackClock "0:00:12"]
[Board "61"]

1. d4 Nf6 2. c4 e6 3. Nf3 Bb4+ 4. Bd2 Qe7 5. g3 Nc6 6. Nc3 d6 7. Bg2 O-O 8. O-O Bxc3 9. Bxc3 Ne4 10. Qc2 Nxc3 11. Qxc3 e5 12. d5 Nd8 13. b4 f5 14. c5 Nf7 15. Rac1 Bd7 16. Nd2 Bb5 17. Rfe1 b6 18. e4 f4 19. Bh3 Ng5 20. Bg4 Qf7 21. h4 h5 22. Bf5 g6 23. hxg5 gxf5 24. exf5 Qxf5 25. Ne4 f3 26. Re3 Be2 27. Kh2 h4 28. Rg1 Rf7 29. Qc2 hxg3+ 30. Rxg3 Kg7 31. Rh3 Rh8 32. Rxh8 Kxh8 33. Rxe2 Rh7+ 34. Kg1 Rh1+ 35. Kxh1 Qh3+ 36. Kg1 Qg2# 0-1


[Site "https://www.chess.com"]

[Event "Titled Tuesday Blitz July 18 Early 2023"]
[White "djokovic74"]
[Black "Sreyas Payyappat"]
[BlackFideId "46674969"]
[WhiteElo "2760"]
[BlackElo "2542"]
[Result "1-0"]
[Round "2"]
[TimeControl "180+2"]
[Date "2023.07.18"]
[WhiteClock "0:00:03"]
[BlackClock "0:00:08"]
[Board "62"]

1. e4 c6 2. Nf3 d5 3. Nc3 dxe4 4. Nxe4 Nf6 5. Qe2 Nxe4 6. Qxe4 Nd7 7. Bc4 Nf6 8. Ne5 e6 9. Qe2 b5 10. Bb3 Qc7 11. c3 Bd6 12. d4 Bb7 13. O-O O-O 14. Bf4 a5 15. a3 Rfe8 16. Rfe1 a4 17. Bc2 c5 18. Rad1 cxd4 19. Rxd4 Bc5 20. Rd3 Nd5 21. Bg3 f6 22. Nf3 Qc6 23. Rdd1 Rad8 24. Bd3 Ba6 25. h4 e5 26. Bb1 g6 27. h5 Kg7 28. hxg6 hxg6 29. Qe4 Ne7 30. Rxd8 Rxd8 31. Qg4 Bb7 32. Bh2 Bc8 33. Qg3 Bb7 34. Be4 Qc7 35. Bxb7 Qxb7 36. Nxe5 Rd2 37. Nd3 Nf5 38. Qh3 Qd5 39. Nf4 Bxf2+ 40. Kh1 Qc5 41. Ne6+ Kf7 42. Qh7+ Ke8 43. Nc7+ Kd8 44. Re8# 1-0


[Site "https://www.chess.com"]

[Event "Titled Tuesday Blitz July 18 Early 2023"]
[White "Geivondian, Arman"]
[Black "Morefield, Jason"]
[WhiteFideId "24102032"]
[BlackFideId "30920825"]
[WhiteElo "2538"]
[BlackElo "2758"]
[Result "1-0"]
[Round "2"]
[TimeControl "180+2"]
[Date "2023.07.18"]
[WhiteClock "0:02:26"]
[BlackClock "0:01:01"]
[Board "63"]

1. e4 d6 2. d4 Nf6 3. Nc3 g6 4. f4 Bg7 5. Nf3 c5 6. Bd3 cxd4 7. Nxd4 Nc6 8. Nf3 O-O 9. O-O Bd7 10. h3 Rc8 11. Be3 Qa5 12. Qd2 a6 13. a3 Qc7 14. Rfe1 Rfd8 15. Rad1 Na5 16. e5 dxe5 17. fxe5 Nc4 18. Bxc4 Qxc4 19. exf6 Bxf6 20. Bb6 e6 21. Bxd8 Rxd8 22. Qe2 Qc7 23. Ne4 Be7 24. Kh1 Rc8 25. c3 Ba4 26. Rd2 Qb6 27. Qf2 Qa5 28. Qd4 Rd8 29. Nf6+ Kg7 30. Nh5+ Kh6 31. Qg7+ Kxh5 32. g4# 1-0


[Site "https://www.chess.com"]

[Event "Titled Tuesday Blitz July 18 Early 2023"]
[White "Ortega Amarelle, Mariano"]
[Black "Skvortsov, Andrei"]
[WhiteFideId "3504301"]
[BlackFideId "24108600"]
[WhiteElo "2537"]
[BlackElo "2756"]
[Result "0-1"]
[Round "2"]
[TimeControl "180+2"]
[Date "2023.07.18"]
[WhiteClock "0:00:05"]
[BlackClock "0:00:42"]
[Board "64"]

1. e4 d5 2. exd5 Qxd5 3. Nc3 Qe5+ 4. Be2 Bg4 5. d4 Bxe2 6. Ngxe2 Qa5 7. O-O Nf6 8. d5 c6 9. b4 Qxb4 10. Rb1 Qc4 11. Rxb7 Nxd5 12. Nxd5 Qxd5 13. Be3 e6 14. Qb1 Na6 15. Qb2 Qc4 16. Rd1 f6 17. Nd4 Nc5 18. Nxc6 Rc8 19. Nxa7 Nxb7 20. Qxb7 Rc7 21. Qb8+ Kf7 22. Nb5 Rc8 23. Rd7+ Ke8 24. Rc7 Rxb8 25. Rxc4 Rxb5 0-1


[Site "https://www.chess.com"]

[Event "Titled Tuesday Blitz July 18 Early 2023"]
[White "Jimenez Almeida, Luis David"]
[Black "Goltsev, Dmitry"]
[WhiteFideId "22242244"]
[BlackFideId "24176710"]
[WhiteElo "2536"]
[BlackElo "2754"]
[Result "0-1"]
[Round "2"]
[TimeControl "180+2"]
[Date "2023.07.18"]
[WhiteClock "0:00:20"]
[BlackClock "0:00:29"]
[Board "65"]

1. e4 e6 2. d4 d5 3. e5 c5 4. c3 Nc6 5. Nf3 Qb6 6. a3 cxd4 7. cxd4 Bd7 8. b4 a6 9. Be3 Nge7 10. Bd3 Nf5 11. Bxf5 exf5 12. O-O h6 13. Nc3 Be6 14. Rc1 g5 15. Na4 Qa7 16. Nc5 Bxc5 17. dxc5 f4 18. Bd4 g4 19. Ne1 Rg8 20. Nc2 Kd7 21. Qd2 f3 22. a4 fxg2 23. Rfd1 h5 24. b5 axb5 25. axb5 Nxd4 26. Nxd4 h4 27. c6+ bxc6 28. bxc6+ Kc8 29. Nb5 Qa5 30. Nd6+ Kc7 31. Qf4 g3 32. Qxh4 gxh2+ 33. Qxh2 Rh8 34. Qf4 Rag8 35. f3 Qb6+ 36. Qd4 Qxd4+ 0-1


[Site "https://www.chess.com"]

[Event "Titled Tuesday Blitz July 18 Early 2023"]
[White "Sokolovsky, Yahli"]
[Black "Palencia Morales, Wilson Guillermo"]
[WhiteFideId "2820242"]
[BlackFideId "4401859"]
[WhiteElo "2751"]
[BlackElo "2536"]
[Result "0-1"]
[Round "2"]
[TimeControl "180+2"]
[Date "2023.07.18"]
[WhiteClock "0:00:01"]
[BlackClock "0:00:24"]
[Board "66"]

1. b3 b6 2. Bb2 Bb7 3. e3 c5 4. Nf3 e6 5. d4 Nf6 6. Bd3 Be7 7. Nbd2 O-O 8. O-O d6 9. c4 Nbd7 10. Qc2 a6 11. Rac1 Qc7 12. Rfd1 Rfe8 13. Qb1 Rac8 14. h3 Qb8 15. Qa1 Qa8 16. Bb1 Bf8 17. Ne1 cxd4 18. exd4 Nh5 19. Bd3 Nf4 20. Bf1 d5 21. g3 Ng6 22. Bg2 Ne7 23. Qb1 Red8 24. Nd3 Nf5 25. Nf4 Ne7 26. Nf1 dxc4 27. Bxb7 Qxb7 28. bxc4 Ng6 29. Nxg6 hxg6 30. Ne3 Bd6 31. d5 e5 32. h4 Bc5 33. Ng4 Re8 34. Re1 Qc7 35. Kg2 Qd6 36. Qc2 b5 37. Qd1 Bb4 38. Re2 bxc4 39. Qa4 c3 40. Ba1 a5 41. Ne3 Nb6 42. Qb3 a4 43. Qd1 Red8 44. Rb1 Bc5 45. Bxc3 Bxe3 46. Rxe3 Nxd5 47. Bd2 Nxe3+ 0-1


[Site "https://www.chess.com"]

[Event "Titled Tuesday Blitz July 18 Early 2023"]
[White "realmadridfc123"]
[Black "Roberson, Peter T"]
[BlackFideId "412384"]
[WhiteElo "2742"]
[BlackElo "2535"]
[Result "1-0"]
[Round "2"]
[TimeControl "180+2"]
[Date "2023.07.18"]
[WhiteClock "0:00:26"]
[BlackClock "0:00:00"]
[Board "67"]

1. c4 c6 2. Nf3 d5 3. d4 e6 4. Qb3 f5 5. Bf4 Nf6 6. e3 Bd6 7. Nc3 O-O 8. Be2 Bxf4 9. exf4 Nbd7 10. O-O Ne4 11. Rfe1 Qf6 12. cxd5 exd5 13. a4 Kh8 14. a5 Qh6 15. g3 Ndf6 16. Ne5 a6 17. f3 Nd6 18. Qb4 Nfe8 19. Na4 Qf6 20. Nb6 Rb8 21. Nbd7 Bxd7 22. Nxd7 Qd8 23. Nxf8 Qe7 24. Nxh7 Kxh7 25. Bxa6 Qf6 26. Bd3 Nc7 27. a6 Ncb5 28. Re5 bxa6 29. Rae1 Rb7 30. g4 Kh8 31. g5 Qf7 32. Re6 Qh5 33. g6 1-0


[Site "https://www.chess.com"]

[Event "Titled Tuesday Blitz July 18 Early 2023"]
[White "Mogirzan, Matei-Valeriu"]
[Black "Preotu, Razvan"]
[WhiteFideId "1257455"]
[BlackFideId "2613280"]
[WhiteElo "2534"]
[BlackElo "2740"]
[Result "1-0"]
[Round "2"]
[TimeControl "180+2"]
[Date "2023.07.18"]
[WhiteClock "0:00:11"]
[BlackClock "0:00:03"]
[Board "68"]

1. e4 c5 2. Nf3 d6 3. d4 cxd4 4. Nxd4 Nf6 5. Nc3 a6 6. Bc4 e6 7. Bb3 b5 8. a3 Be7 9. g4 O-O 10. g5 Nfd7 11. h4 Nc5 12. Ba2 Bb7 13. Qe2 Nc6 14. Be3 b4 15. axb4 Nxb4 16. f3 Nxa2 17. Nxa2 g6 18. Nc3 e5 19. Nb3 Nxb3 20. cxb3 Rc8 21. Rd1 f6 22. h5 fxg5 23. hxg6 hxg6 24. Qh2 Rxf3 25. Qh7+ Kf8 26. Ke2 Rxe3+ 27. Kxe3 Qb6+ 28. Ke2 Qxb3 29. Qh8+ Kf7 30. Rhf1+ Ke6 31. Qh3+ g4 32. Qxg4# 1-0


[Site "https://www.chess.com"]

[Event "Titled Tuesday Blitz July 18 Early 2023"]
[White "Papasimakopoulos, Alexandros"]
[Black "AyMitecK"]
[WhiteFideId "4244125"]
[WhiteElo "2734"]
[BlackElo "2533"]
[Result "1-0"]
[Round "2"]
[TimeControl "180+2"]
[Date "2023.07.18"]
[WhiteClock "0:01:39"]
[BlackClock "0:00:35"]
[Board "69"]

1. d4 Nf6 2. c4 e6 3. Nc3 d5 4. cxd5 exd5 5. Bg5 Be7 6. e3 c6 7. Bd3 Be6 8. Nf3 h6 9. Bh4 O-O 10. O-O Nbd7 11. Rb1 Nb6 12. Ne5 a5 13. f4 Nc8 14. f5 Bd7 15. g4 Nd6 16. Qf3 Nfe4 17. Bxe7 Qxe7 18. Bxe4 dxe4 19. Qg3 Rad8 20. h4 Rfe8 21. Rf2 Bc8 22. Rbf1 Qc7 23. g5 hxg5 24. hxg5 Nc4 25. g6 Nxe5 26. dxe5 Qxe5 27. Qh4 Rd6 28. f6 Rxf6 29. Rxf6 fxg6 30. Rxg6 Bf5 31. Rg5 Rf8 32. Qf4 Qc5 33. Nxe4 Qb6 34. Rxf5 Rxf5 35. Qxf5 Qxe3+ 36. Kg2 1-0


[Site "https://www.chess.com"]

[Event "Titled Tuesday Blitz July 18 Early 2023"]
[White "Rangel, Daniel"]
[Black "Dehtiarov, Roman"]
[WhiteFideId "2124475"]
[BlackFideId "14186640"]
[WhiteElo "2532"]
[BlackElo "2730"]
[Result "0-1"]
[Round "2"]
[TimeControl "180+2"]
[Date "2023.07.18"]
[WhiteClock "0:00:00"]
[BlackClock "0:00:05"]
[Board "70"]

1. c4 Nf6 2. g3 c5 3. Bg2 Nc6 4. Nc3 b6 5. b3 Bb7 6. Bb2 e6 7. e3 Be7 8. Nge2 d5 9. cxd5 Nb4 10. d4 cxd4 11. Nxd4 Nbxd5 12. O-O Nxc3 13. Bxc3 Bxg2 14. Kxg2 Rc8 15. Bb2 Qd5+ 16. Qf3 O-O 17. Rac1 h6 18. Nc6 Bc5 19. Bxf6 Qxc6 20. Qxc6 Rxc6 21. Be5 Rfc8 22. Rfd1 f6 23. Bb2 R6c7 24. a3 Kf7 25. b4 Be7 26. Rxc7 Rxc7 27. Rd2 e5 28. Kf3 Ke6 29. Ke2 e4 30. Kd1 Kf5 31. h3 Ke6 32. Rd4 f5 33. Rd2 g5 34. Rc2 Rxc2 35. Kxc2 h5 36. Kb3 b5 37. Bd4 a6 38. Bc3 h4 39. gxh4 gxh4 40. Be1 Bd6 41. a4 Kd5 42. axb5 axb5 43. Kc3 Be5+ 44. Kb3 Bf6 45. Ka3 Kc4 46. Ka2 Bc3 47. Bxc3 Kxc3 48. Ka3 Kc4 0-1


[Site "https://www.chess.com"]

[Event "Titled Tuesday Blitz July 18 Early 2023"]
[White "Vaibhav, Suri"]
[Black "Trifan, Andrei Ioan"]
[WhiteFideId "5045185"]
[BlackFideId "12967068"]
[WhiteElo "2729"]
[BlackElo "2526"]
[Result "0-1"]
[Round "2"]
[TimeControl "180+2"]
[Date "2023.07.18"]
[WhiteClock "0:00:00"]
[BlackClock "0:01:10"]
[Board "71"]

1. Nf3 Nf6 2. b3 b6 3. Bb2 Bb7 4. g3 e6 5. Bg2 Be7 6. O-O O-O 7. c4 d5 8. d3 c5 9. Ne5 Nc6 10. e3 Qc7 11. f4 Rfd8 12. Qe2 a6 13. Nc3 d4 14. Nxc6 Bxc6 15. exd4 Bxg2 16. Qxg2 cxd4 17. Ne2 e5 18. g4 Bc5 19. g5 Ne8 20. f5 f6 21. h4 Qe7 22. Ng3 fxg5 23. Ne4 Nf6 24. hxg5 Nxe4 25. dxe4 Qf7 26. g6 Qf6 27. Rf3 h6 28. Rd3 b5 29. Rc1 b4 30. Rf1 a5 31. Bc1 a4 32. Qh2 axb3 33. axb3 Ra1 0-1


[Site "https://www.chess.com"]

[Event "Titled Tuesday Blitz July 18 Early 2023"]
[White "Suyarov, Mukhammadzokhid"]
[Black "FoxOnTheRun97"]
[WhiteFideId "14210495"]
[WhiteElo "2728"]
[BlackElo "2526"]
[Result "1-0"]
[Round "2"]
[TimeControl "180+2"]
[Date "2023.07.18"]
[WhiteClock "0:01:33"]
[BlackClock "0:00:00"]
[Board "72"]

1. d4 Nf6 2. Nc3 e6 3. e4 d5 4. e5 Nfd7 5. f4 c5 6. Nf3 Nc6 7. Be3 cxd4 8. Nxd4 Bc5 9. a3 Nxd4 10. Bxd4 Qb6 11. Na4 Qa5+ 12. c3 Bxd4 13. Qxd4 O-O 14. Qb4 Qc7 15. c4 dxc4 16. Bxc4 b6 17. O-O Bb7 18. Bb5 Nc5 19. Nxc5 Qxc5+ 20. Qxc5 bxc5 21. Rac1 Rac8 22. Rfd1 Bd5 23. Bc4 Rfd8 24. Bxd5 Rxd5 25. Rxd5 exd5 26. Kf2 Kf8 27. Ke3 Ke7 28. b4 c4 29. Kd4 Ke6 30. g4 g6 31. Rc3 Rh8 32. Rf3 h5 33. f5+ Ke7 34. fxg6 fxg6 35. gxh5 Rxh5 36. Kxd5 Rxh2 37. Kxc4 Rd2 38. Rf6 Rc2+ 39. Kb5 Rg2 40. a4 Rg5 41. Ka6 Rg4 42. Ka5 g5 43. b5 Re4 44. Ra6 1-0


[Site "https://www.chess.com"]

[Event "Titled Tuesday Blitz July 18 Early 2023"]
[White "Principe, Alexander"]
[Black "Xu, Yi"]
[WhiteFideId "3804542"]
[BlackFideId "8605564"]
[WhiteElo "2526"]
[BlackElo "2727"]
[Result "0-1"]
[Round "2"]
[TimeControl "180+2"]
[Date "2023.07.18"]
[WhiteClock "0:02:29"]
[BlackClock "0:02:10"]
[Board "73"]

1. e4 c5 2. Nf3 Nc6 3. d4 cxd4 4. Nxd4 Nf6 5. Nc3 e6 6. Ndb5 Bc5 7. Nd6+ Ke7 8. Nxc8+ Rxc8 9. Bd3 Qc7 10. O-O h5 11. Ne2 Ng4 12. Bf4 Qb6 13. Qe1 Rcg8 14. h3 g5 15. Bd2 Qc7 16. hxg4 hxg4 17. g3 Ne5 18. Kg2 Nf3 0-1


[Site "https://www.chess.com"]

[Event "Titled Tuesday Blitz July 18 Early 2023"]
[White "Mortazavi, Ali"]
[Black "Panesar Vedant"]
[WhiteFideId "401323"]
[BlackFideId "35033018"]
[WhiteElo "2524"]
[BlackElo "2725"]
[Result "0-1"]
[Round "2"]
[TimeControl "180+2"]
[Date "2023.07.18"]
[WhiteClock "0:00:15"]
[BlackClock "0:00:11"]
[Board "74"]

1. Nf3 d5 2. g3 c5 3. Bg2 Nc6 4. O-O Nf6 5. d3 e5 6. Nbd2 Bd6 7. e4 d4 8. Nh4 Bc7 9. a4 Bg4 10. f3 Be6 11. Nf5 O-O 12. f4 exf4 13. gxf4 Re8 14. Ng3 Ng4 15. Nc4 Qh4 16. h3 Qxg3 17. hxg4 Bxg4 18. Qe1 Qxe1 19. Rxe1 Be6 20. e5 Nb4 21. Re2 Bd5 22. Bxd5 Nxd5 23. f5 b6 24. Bd2 a6 25. Rae1 b5 26. axb5 axb5 27. Na3 Rab8 28. Kg2 g6 29. f6 Re6 30. Kf3 Rbe8 31. Nxb5 Bxe5 32. Bg5 Bxf6 33. Bxf6 Rxf6+ 34. Kg3 Ne3 35. b4 Re5 36. bxc5 Rg5+ 37. Kh2 Rf4 38. Rxe3 dxe3 39. Rxe3 Rxc5 40. Rh3 Rxb5 41. c4 Rb2+ 42. Kg3 Rf5 43. Kg4 Rg2+ 44. Kh4 Rf4# 0-1


[Site "https://www.chess.com"]

[Event "Titled Tuesday Blitz July 18 Early 2023"]
[White "Fiorito, Joaquin"]
[Black "Mmukka"]
[WhiteFideId "180173"]
[WhiteElo "2723"]
[BlackElo "2499"]
[Result "1-0"]
[Round "2"]
[TimeControl "180+2"]
[Date "2023.07.18"]
[WhiteClock "0:00:30"]
[BlackClock "0:00:12"]
[Board "75"]

1. d4 d5 2. Nc3 Nf6 3. Bf4 g6 4. e3 Bg7 5. h4 c6 6. Be2 h5 7. Nf3 Bg4 8. Ne5 Bxe2 9. Qxe2 Qb6 10. O-O-O Nbd7 11. f3 Rc8 12. g4 e6 13. g5 Ng8 14. Nxd7 Kxd7 15. e4 Qa5 16. Rhe1 Ne7 17. Kb1 Rhe8 18. Be5 Bxe5 19. dxe5 b5 20. exd5 Nxd5 21. Ne4 Rc7 22. Nf6+ Ke7 23. Nxe8 Kxe8 24. c4 bxc4 25. Qxc4 Kd7 26. Rc1 c5 27. Red1 Ke7 28. Ka1 Ne3 29. Qd3 Nd5 30. Qb3 Nb4 31. a3 Nd5 32. Rd3 Kd7 33. Rxd5+ exd5 34. Qxd5+ Ke7 35. Qd6+ Ke8 36. Rd1 Rb7 37. Qc6+ Ke7 38. Qxb7+ Ke6 39. Qd5+ Kf5 40. e6+ Kf4 41. exf7 Kg3 42. f8=Q Qa4 43. Qfd6+ Kg2 44. f4+ Kh3 45. Qf3+ Kh2 46. Rh1# 1-0


[Site "https://www.chess.com"]

[Event "Titled Tuesday Blitz July 18 Early 2023"]
[White "Erzhanov, Arman"]
[Black "Stoyanov, Tsvetan"]
[WhiteFideId "4138821"]
[BlackFideId "2917173"]
[WhiteElo "2497"]
[BlackElo "2721"]
[Result "0-1"]
[Round "2"]
[TimeControl "180+2"]
[Date "2023.07.18"]
[WhiteClock "0:00:10"]
[BlackClock "0:00:18"]
[Board "76"]

1. e4 c5 2. Nf3 a6 3. g3 b5 4. Bg2 Bb7 5. Qe2 d6 6. O-O Nd7 7. c3 Ngf6 8. d3 e5 9. a4 Be7 10. Na3 Qb6 11. axb5 axb5 12. Be3 O-O 13. b4 Qc6 14. Rfb1 cxb4 15. cxb4 Ra4 16. Nc2 Rfa8 17. Rxa4 Rxa4 18. Ra1 Qc3 19. Rc1 d5 20. Bd2 Qb2 21. exd5 Nxd5 22. d4 Nc3 23. Qe1 Na2 24. Ne3 Nxc1 25. Bxc1 Qxb4 26. Bd2 Qb2 27. Bc3 Qb3 28. dxe5 Bb4 29. Bxb4 Qxb4 30. Qd1 Nf8 31. h4 Qb2 32. Ng4 Ra1 33. Qxa1 Qxa1+ 34. Kh2 Bxf3 35. Bxf3 b4 36. Ne3 b3 0-1


[Site "https://www.chess.com"]

[Event "Titled Tuesday Blitz July 18 Early 2023"]
[White "Leiva, Gianmarco"]
[Black "Bochnicka, Vladimir"]
[WhiteFideId "3804399"]
[BlackFideId "14943450"]
[WhiteElo "2715"]
[BlackElo "2467"]
[Result "1-0"]
[Round "2"]
[TimeControl "180+2"]
[Date "2023.07.18"]
[WhiteClock "0:00:55"]
[BlackClock "0:00:02"]
[Board "77"]

1. e4 c5 2. Nf3 Nc6 3. Bb5 e6 4. Bxc6 bxc6 5. d3 Ne7 6. Nbd2 d5 7. e5 f6 8. b3 Ng6 9. Bb2 Be7 10. Qe2 Qc7 11. Qe3 d4 12. Qe4 Nxe5 13. Nxe5 Qxe5 14. Qxe5 fxe5 15. Nc4 Bf6 16. Ba3 Ba6 17. Nd6+ Kd7 18. Bxc5 Be7 19. Ne4 Rhf8 20. O-O Bc8 21. Rfe1 Bxc5 22. Nxc5+ Kd6 23. Ne4+ Kd5 24. Re2 c5 25. Rae1 a5 26. a4 Ra7 27. Nd2 Raf7 28. Rxe5+ Kc6 29. f3 Ra7 30. Ne4 Rf5 31. Nxc5 Rxe5 32. Rxe5 Kd6 33. f4 Rc7 34. Ne4+ Ke7 35. Rc5 Ra7 36. Rxc8 1-0


[Site "https://www.chess.com"]

[Event "Titled Tuesday Blitz July 18 Early 2023"]
[White "Namitbir Singh Walia"]
[Black "Hilary46"]
[WhiteFideId "35071068"]
[WhiteElo "2460"]
[BlackElo "2708"]
[Result "0-1"]
[Round "2"]
[TimeControl "180+2"]
[Date "2023.07.18"]
[WhiteClock "0:00:06"]
[BlackClock "0:00:51"]
[Board "78"]

1. e4 e5 2. Nf3 Nc6 3. Bb5 a6 4. Bxc6 dxc6 5. d4 exd4 6. Qxd4 Qxd4 7. Nxd4 c5 8. Nb3 Bd7 9. Be3 b6 10. Nc3 O-O-O 11. O-O-O Re8 12. Rhe1 Bc6 13. f3 g6 14. Nd5 Bg7 15. Bf4 Bxd5 16. Rxd5 Ne7 17. Rd2 Nc6 18. c3 Ne5 19. Red1 c4 20. Nd4 Nd3+ 21. Rxd3 cxd3 22. Rxd3 Bxd4 23. cxd4 Kb7 24. Kd2 Rd8 25. Ke3 Rd7 26. Rc3 c6 27. Be5 Re8 28. g4 c5 29. dxc5 Rc8 30. b4 bxc5 31. bxc5 Kc6 32. Rb3 Rb7 33. Rd3 Re8 34. Bd4 Rd8 35. Ra3 Ra8 36. h4 a5 37. Kf4 a4 38. Kg5 Rd7 39. Be3 Kb5 40. Rc3 Rc8 41. a3 Kc6 42. Kh6 f6 43. h5 gxh5 44. Kxh5 Rcd8 45. Bf4 Rd3 46. Rc4 R8d4 47. Rxd4 Rxd4 48. g5 fxg5 49. Kxg5 Rd3 50. Bd6 Rxf3 51. e5 Kd5 52. Kh6 Rxa3 53. c6 Rc3 54. c7 Ke6 55. Kxh7 Kd7 56. Kg7 a3 57. c8=Q+ Kxc8 58. e6 a2 59. Be5 Re3 60. e7 Rxe5 0-1


[Site "https://www.chess.com"]